 Dungeon Sprint DCSS version 0.31-a0-743-g45f7035092 (webtiles) character file.

Game seed: 10467261290283196862

19 sircluck the Ruffian (level 2, 0/31 HPs)
             Began as a Troll Berserker on Sept 12, 2023.
             Was a Believer of Trog.
             Slain by a gnoll sergeant
             ... wielding a +1 heavy trident
              (20 damage)
             ... in the Dungeon (Sprint VII: "The Pits").
             The game lasted 00:00:08 (55 turns).

sircluck the Ruffian (Troll Berserker)                Turns: 55, Time: 00:00:08

Health: 0/31       AC:  4    Str: 24    XL:     2   Next: 55%
Magic:  1/1        EV: 10    Int:  3    God:    Trog [**....]
Gold:   0          SH:  0    Dex:  9    Spells: 1/1 levels left

rFire   . .          .
                       - Unarmed
rCold   . . .        (no shield)
rNeg    . . .        a - +0 animal skin
rPois   .            (helmet restricted)
rElec   .            (no cloak)
rCorr   .            (gloves unavailable)
SInv    .            (boots unavailable)
Will    .....        (no amulet)
Stlth   +            (no ring)
HPRegen 1.05/turn    (no ring)
MPRegen 0.07/turn

%: no teleportation
@: no status effects
A: large, unfitting armour, claws 3, regeneration 1, shaggy fur 1, tough skin 1
a: Renounce Religion, Berserk, Trog's Hand


You were in the Dungeon.
You worshipped Trog.
Trog was pleased with you.
You visited 1 branch

Inventory:

Armour
 a - a +0 animal skin (worn)
Scrolls
 g - a scroll of blinking
Potions
 b - a potion of curing
 c - a potion of heal wounds
 d - a potion of haste
 e - 2 potions of magic
 f - a potion of berserk rage


   Skills:
 + Level 3.5 Fighting
 + Level 3.4 Dodging
 + Level 4.2 Unarmed Combat


You had one spell level left.
You didn't know any spells.
Your spell library was empty.

Dungeon Overview and Level Annotations

Branches:
Dungeon (1/1)

Altars:


Innate Abilities, Weirdness & Mutations

You are too large for most types of armour.
You have claws for hands.
Your natural rate of healing is unusually fast.
You are covered in fur. (AC +1)
You have tough skin. (AC +1)


Message History

You closely miss the gnoll. You scratch the gnoll.
The gnoll is moderately wounded.
The gnoll hits you with a +0 club.
You claw the gnoll!
You kill the gnoll!
Trog accepts your kill. The gnoll hits you with a +0 club.
Your Fighting skill increases to level 3!
Your Dodging skill increases to level 3!
You have reached level 2!
Unknown command.
You claw the gnoll!
You kill the gnoll!
Trog accepts your kill.
Your Unarmed Combat skill increases to level 4!
No target in view!
No target in view!
No target in view!
No target in view!
You start resting.
HP restored.
You see here a +0 club.
A gnoll sergeant and 2 gnolls come into view.
The gnoll sergeant is wielding a +1 heavy trident.
The gnoll sergeant shouts!
The gnoll shouts! x2; You hear a shout!
You see here a +0 club.
A gnoll comes into view. It is wielding a +0 whip.
The gnoll shouts!
You scratch the gnoll.
The gnoll is moderately wounded.
The gnoll hits you but does no damage.
The gnoll sergeant hits you from afar with a +1 heavy trident!
You claw the gnoll!
You kill the gnoll!
Trog accepts your kill.
You can now call upon Trog for regeneration and willpower.
The gnoll sergeant hits you from afar with a +1 heavy trident!!
Ouch! That really hurt!
You die...

##########++######
#................#
#......#..#......#
#................+
+................+
#...)..#..#......#
#.@gg..g.........#
####'#####''######
#.......##''#
#.......##g.#
#.......##...
#...<...###g..
#.......# #...
#.......# .###
#.......#


You could see a gnoll sergeant and 2 gnolls.

Vanquished Creatures
  3 gnolls (D)
3 creatures vanquished.

Notes
Turn   | Place    | Note
-------+----------+-------------------------------------------
     0 | D        | sircluck the Troll Berserker began the quest for the Orb.
     0 | D        | Reached XP level 1. HP: 22/22 MP: 0/0
    26 | D        | Reached XP level 2. HP: 17/31 MP: 1/1
    27 | D        | Reached skill level 4 in Unarmed Combat
    44 | D        | Noticed a gnoll sergeant
    55 | D        | Reached ** piety under Trog
    55 | D        | Slain by a gnoll sergeant

Illustrated notes

Levels and vault maps discovered:
D:        pitsprint [storerooms_1, entrance_room_1, metal_vault_5, armoury_1,
          mini_pit_1, grid_room_1, main_hall_1, silver_pit, the_coven_3,
          the_vestibule_1, steel_vault_5, golden_pit, hallway_of_sentries,
          crystal_vault_2, iron_vault_1, final_vault]

Skill      XL: |  1  2 |
---------------+-------+-----
Fighting       | 3 |  3.5
Dodging        | 3 |  3.4
Unarmed Combat | 4 |  4.2

Action                     || total
---------------------------++-------
  Melee: Unarmed           ||     6
 Armour: Animal skin       ||     5
  Dodge: Dodged            ||     1

Table legend: (Time is in decaauts)
 A = Elapsed time spent in this place.
 B = Non-inter-level travel time spent in this place.
 C = Inter-level travel time spent in this place.
 D = Time resting spent in this place.
 E = Time spent auto-exploring this place.
 F = Levels seen in this place.
 G = Mean time per level.
                   A        B        C        D        E       F      G
               +--------+--------+--------+--------+--------+-----+--------+
         Total |     54 |     54 |      0 |     12 |     11 |   1 |   54.0 |
       Dungeon |     54 |     54 |      0 |     12 |     11 |   1 |   54.0 |
               +--------+--------+--------+--------+--------+-----+--------+

Top non-repeatable levels by time:
       D: 54 daAuts
